 Dungeon Crawl Stone Soup version 0.21.0-26-g889b8f6872 (webtiles) character file.

106 FullBlownAIDS the Cudgeler (level 4, -11/30 HPs)
             Began as an Octopode Wanderer on Jan 27, 2018.
             Mangled by an ogre
             ... wielding a +0 giant spiked club
              (18 damage)
             ... on level 3 of the Dungeon.
             The game lasted 00:02:07 (2609 turns).

FullBlownAIDS the Cudgeler (Octopode Wanderer)      Turns: 2609, Time: 00:02:08

Health: -11/30     AC:  1    Str: 10    XL:     4   Next: 84%
Magic:  7/7        EV: 12    Int: 13    God:
Gold:   138        SH:  0    Dex: 14    Spells: 4/7 levels left

rFire    . . .     SeeInvis .   a - +2 mace
rCold    . . .     Gourm    .   (no shield)
rNeg     . . .     Faith    .   (helmet restricted)
rPois    .         Spirit   .   (no amulet)
rElec    .         Reflect  .   (no ring)
rCorr    .         Harm     .   (no ring)
MR       .....                  (no ring)
Stlth    +++.......             (no ring)
HPRegen  0.10/turn              (no ring)
MPRegen  0.10/turn              (no ring)
                                (no ring)
                                (no ring)

@: no status effects
A: almost no armour, stealthy swim, amphibious, 8 rings, constrict 8, camouflage
1, gelatinous body 1
a: no special abilities


You were on level 3 of the Dungeon.
You were very hungry.

You visited 1 branch of the dungeon, and saw 3 of its levels.

You collected 138 gold pieces.

Inventory:

Hand Weapons
 a - a +2 mace (weapon)
Scrolls
 c - 4 scrolls of teleportation
 i - 2 scrolls of remove curse {unknown}
 j - 2 scrolls of fog {unknown}
 k - 2 scrolls of enchant armour {unknown}
 m - a scroll of noise {unknown}
 n - a scroll of magic mapping {unknown}
 o - a scroll of identify {unknown}
Potions
 e - 2 potions of curing
 f - 3 potions of heal wounds {unknown}
 g - 3 potions of degeneration {unknown}
 h - 3 potions of agility {unknown}
 l - a potion of ambrosia {unknown}
Books
 b - the Grimoire of Earth

   Spells                             Type                      Level
   a - Sandblast                      Earth                        1
   b - Stone Arrow                    Conjuration/Earth            3
Comestibles
 d - 6 rations


   Skills:
 - Level 2.5 Fighting
 - Level 4.8 Maces & Flails
 - Level 1.3 Stealth
   Level 1.0 Shields
 - Level 2.0 Spellcasting
 + Level 0.1 Conjurations
   Level 1.0 Translocations
 + Level 1.1 Earth Magic


You had 4 spell levels left.
You knew the following spells:

 Your Spells              Type           Power        Failure   Level  Hunger
a - Stone Arrow           Conj/Erth      #.....       52%         3    ####...


Dungeon Overview and Level Annotations

Branches:
Dungeon (3/15)

Altars:
Nemelex Xobeh
Sif Muna
Yredelemnul


Innate Abilities, Weirdness & Mutations

You cannot wear most types of armour.
You are very stealthy in the water. (Stealth+)
You are amphibious.
You can wear up to eight rings at the same time.
You can use your tentacles to constrict eight enemies at once.
Your skin changes colour to match your surroundings (Stealth+).
Your rubbery body absorbs attacks. (AC +1, EV +1)


Message History

You are too injured to fight recklessly!
You are too injured to fight recklessly!
You are too injured to fight recklessly!
You are too injured to fight recklessly!
You are too injured to fight recklessly!
You are too injured to fight recklessly!
You are too injured to fight recklessly!
You are too injured to fight recklessly!
You are too injured to fight recklessly!
Unknown command.
You hit the ogre. Your squeeze misses the ogre.
The ogre is moderately wounded.
The ogre barely misses you.
You barely miss the ogre.
The ogre is moderately wounded.
You hit the ogre. Your squeeze misses the ogre.
The ogre is moderately wounded.
The ogre hits you with a giant spiked club!!
Ouch! That really hurt!
You die...

#.#...### #..............
#.##..# ####............
..##.## ##....#.....#....
#..#.####..##..##..#####.
#..................... .
#..#.###..........###..#
...........###..####..#
.....#...............###
..##.######.....@O.....#
#.##.#########...†.....#
.[.#.#.............!...#
.....#......##.........#
.##..............#.#####
....................
.(.........####.##...
...........# #. #...
...........#


You could see an ogre.

Vanquished Creatures
  A worker ant (D:2)
  2 adders
  An ooze (D:1)
  4 worms
  2 dart slugs
  3 giant cockroaches
  3 goblins
  5 hobgoblins
  6 jackals (D:1)
  8 kobolds
  2 ball pythons
  3 bats
  2 frilled lizards
  7 rats
49 creatures vanquished.

Notes
Turn   | Place    | Note
-------+----------+-------------------------------------------
     0 | D:1      | FullBlownAIDS the Octopode Wanderer began the quest for the Orb.
     0 | D:1      | FullBlownAIDS set off with: a +2 mace, the Grimoire of Earth, a scroll of teleportation, a ration
     0 | D:1      | Reached XP level 1. HP: 14/14 MP: 3/3
     0 | D:1      | Identified the Grimoire of Earth
   358 | D:1      | Reached XP level 2. HP: 11/19 MP: 5/5
   713 | D:1      | Reached XP level 3. HP: 3/24 MP: 6/6
  1126 | D:1      | Reached skill level 4 in Maces & Flails
  1320 | D:2      | HP: 1/25 [poisoned by a worker ant]
  1409 | D:2      | Reached XP level 4. HP: 20/30 MP: 7/7
  2193 | D:3      | Learned a level 3 spell: Stone Arrow
  2207 | D:3      | Found a deep blue altar of Sif Muna.
  2520 | D:3      | Found a basalt altar of Yredelemnul.
  2534 | D:3      | Found a sparkling altar of Nemelex Xobeh.
  2547 | D:3      | Reached skill level 1 in Earth Magic
  2596 | D:3      | Noticed an ogre
  2609 | D:3      | Mangled by an ogre

Skill      XL: |  1  2  3  4 |
---------------+-------------+-----
Maces & Flails | 4 |  4.8
Earth Magic    | 1 |  1.1
Fighting       | |  2.5
Stealth        | |  1.3
Shields        | |  1.0
Spellcasting   | |  2.0
Conjurations   | |  0.1
Translocations | |  1.0

Action                   |  1- 3 |  4- 6 || total
-------------------------+-------+-------++-------
Melee: Mace              |    60 |    49 ||   109
       Constrict         |    16 |     9 ||    25
       Tentacles         |    13 |     8 ||    21
  Use: Potion            |     1 |       ||     1
 Stab: Sleeping          |     3 |     4 ||     7
  Eat: Chunk             |     1 |     3 ||     4
Armor: Skin              |     5 |     3 ||     8
Dodge: Dodged            |    27 |    25 ||    52
